 Dungeon Crawl Stone Soup version 0.30.1-3-gfc49f6343a (webtiles) character file.

Game seed: 9290492516206748202

2 cdecastro the Caller (level 1, -1/13 HPs)
             Began as a Merfolk Summoner on July 26, 2023.
             Slain by a jackal (3 damage)
             ... on level 1 of the Dungeon.
             The game lasted 00:00:33 (58 turns).

cdecastro the Caller (Merfolk Summoner)               Turns: 58, Time: 00:00:34

Health: -1/13      AC:  2    Str:  8    XL:     1   Next: 40%
Magic:  1/3        EV: 12    Int: 14    God:
Gold:   0          SH:  0    Dex: 14    Spells: 3/4 levels left

rFire   . . .        (no weapon)
rCold   . . .        (no shield)
rNeg    . . .        a - +0 robe
rPois   .            (no helmet)
rElec   .            (no cloak)
rCorr   .            (no gloves)
SInv    .            (no boots)
Will    .....        (no amulet)
Stlth   ++           (no ring)
HPRegen 0.22/turn    (no ring)
MPRegen 0.08/turn

%: no passive effects
@: no status effects
A: (nimble swimmer 2), mertail
a: no special abilities


You were on level 1 of the Dungeon.
You visited 1 branch of the dungeon, and saw 1 of its levels.

Inventory:

Armour
 a - a +0 robe (worn)
Potions
 b - a potion of magic
 c - 2 potions of curing {unknown}


   Skills:
 - Level 2.6 Dodging
 - Level 2.1 Stealth
 - Level 2.0 Spellcasting
 + Level 4.1 Summonings


You had 3 spell levels left.
You knew the following spells:

 Your Spells              Type           Power      Damage    Failure   Level
a - Summon Small Mammal   Summ           52%        N/A       4%          1

Your spell library contained the following spells:

 Spells                   Type           Power      Damage    Failure   Level
 Call Imp                 Summ           26%        N/A       7%          2
 Call Canine Familiar     Summ           13%        N/A       13%         3
 Summon Guardian Golem    Hex/Summ       7%         N/A       30%         3
 Summon Lightning Spire   Summ/Air       7%         N/A       71%         4


Dungeon Overview and Level Annotations

Branches:
Dungeon (1/15)

Altars:


Innate Abilities, Weirdness & Mutations

((You are very nimble when in or above water. (Stealth+, EV+, Speed+++)))
Your lower body shifts to a powerful aquatic tail in water.


Message History

You hit the jackal but do no damage.
The jackal is moderately wounded.
Your bat closely misses the jackal.
Your bat hits the jackal but does no damage.
The jackal barely misses you. The jackal bites your bat.
Your bat dies!
Your bat's corpse disappears in a puff of smoke!
Your bat hits the jackal. The jackal bites you.
* * * LOW HITPOINT WARNING * * *
Casting: Summon Small Mammal (safe; 4% risk of failure)
Press: ? - help, Q - select action Dir - look around, f - activate
Okay, then.
Unknown command.
Casting: Summon Small Mammal (safe; 4% risk of failure)
Press: ? - help, Q - select action Dir - look around, f - activate Your bat hits the jackal.
Your bat completely misses the jackal.
The jackal barely misses you.
The jackal bites you but does no damage.
The jackal closely misses you.
Unknown command.
The jackal attacks as you move away! The jackal closely misses you. x2
The jackal misses you. The jackal bites your quokka.
Unknown command.
The jackal attacks as you move away!
The jackal bites you but does no damage.
Your bat hits the jackal but does no damage.
Your quokka barely misses the jackal.
The jackal bites your quokka but does no damage.
Unknown command.
You hit the jackal but do no damage.
The jackal is moderately wounded.
Your bat closely misses the jackal.
Your bat barely misses the jackal.
The jackal completely misses you. The jackal closely misses your quokka.
The jackal bites your quokka.
Your quokka bites the jackal.
The jackal dies!
Unknown command.
You hit the jackal.
The jackal is heavily wounded.
Your bat closely misses the jackal.
The jackal bites you.
You die...

.#.# ...#.# #..#.# .
#....##.# ......
#...#
#########...#####
##......br.⌠.##..#
#.......hh@..##..#
#....#########..##..#
#..#.#########...'..#
#..#.##.....##..##..#
#. #.##..<..'...##..#
h. ..##.....##..##..#
h. #.#########..#####
#h. #.# #..# ..##


You could see 2 jackals, a friendly quokka (summoned) and a friendly bat
(summoned).

Vanquished Creatures
  A jackal (D:1)
1 creature vanquished.

Vanquished Creatures (collateral kills)
  A jackal (D:1)
1 creature vanquished.

Grand Total: 2 creatures vanquished

Notes
Turn   | Place    | Note
-------+----------+-------------------------------------------
     0 | D:1      | cdecastro the Merfolk Summoner began the quest for the Orb.
     0 | D:1      | Reached XP level 1. HP: 13/13 MP: 3/3
    58 | D:1      | Slain by a jackal

Illustrated notes

Levels and vault maps discovered:
D:1:      dpeg_arrival_rooms_a, layout_basic

Action                     || total
---------------------------++-------
  Melee: Unarmed           ||    18
   Cast: Summon Small Mamm ||     4
 Armour: Robe              ||     4
  Dodge: Dodged            ||    22
